 Dungeon Crawl Stone Soup version 0.23-a0-301-g9da9e51 (webtiles) character file.

98 Amnesiac the Digger (level 4, 0/39 HPs)
             Began as a Troll Earth Elementalist on Oct 7, 2018.
             Succumbed to a scorpion's poison
             ... on level 4 of the Dungeon.
             The game lasted 00:02:12 (494 turns).

Amnesiac the Digger (Troll Earth Elementalist)       Turns: 494, Time: 00:02:13

Health: 0/39       AC:  5    Str: 16    XL:     4   Next: 44%
Magic:  0/6        EV: 10    Int: 12    God:
Gold:   11         SH:  0    Dex: 10    Spells: 4/7 levels left

rFire    . . .     SeeInvis .   (no weapon)
rCold    . . .     Gourm    +   (no shield)
rNeg     . . .     Faith    .   c - +0 robe
rPois    .         Spirit   .   (helmet restricted)
rElec    .         Reflect  .   (no cloak)
rCorr    .         Harm     .   (gloves unavailable)
MR       .....                  (boots unavailable)
Stlth    ..........             (no amulet)
HPRegen  0.53/turn              g - ring of attention (curse)
MPRegen  0.10/turn              (no ring)

@: lethally poisoned (0 -> -8)
A: large, unfitting armour, claws 3, fast metabolism 3, gourmand, regeneration
1, shaggy fur 1, tough skin 2
a: no special abilities


You were on level 4 of the Dungeon.
You were not hungry.

You visited 1 branch of the dungeon, and saw 4 of its levels.

You collected 11 gold pieces.

Inventory:

Hand Weapons
 i - a +0 falchion
Missiles
 b - 28 stones (quivered)
Armour
 c - a +0 robe (worn)
Jewellery
 g - a cursed ring of attention (left claw)
Scrolls
 h - a scroll of teleportation {!r, unknown}
 k - a scroll of identify {!r, unknown}
Potions
 a - a potion of berserk rage {!q, unknown}
 e - a potion of invisibility {!q, unknown}
 f - a potion of degeneration {!q, unknown}
Comestibles
 d - 5 rations


   Skills:
 - Level 1.5 Dodging
 - Level 1.0 Stealth
 + Level 2.0 Spellcasting
 - Level 0.6 Transmutations
 * Level 4.2 Earth Magic


You had 4 spell levels left.
You knew the following spells:

 Your Spells              Type           Power        Failure   Level  Hunger
a - Sandblast             Erth           ##....       4%          1    ##.....
b - Passwall              Tmut/Erth      #.......     16%         2    ###....

Your spell library contained the following spells:

 Spells                   Type           Power        Failure   Level  Hunger
 Stone Arrow              Conj/Erth      #.....       34%         3    ####...
 Petrify                  Tmut/Erth      #.......     71%         4    #####..
 Lee's Rapid Deconstruct  Erth           ##........   80%         5    ######.


Dungeon Overview and Level Annotations

Branches:
Dungeon (4/15)
 Temple: D:4-7

Altars:


Innate Abilities, Weirdness & Mutations

You are too large for most types of armour.
You have claws for hands.
Your metabolism is lightning-fast.
You like to eat raw meat.
Your natural rate of healing is unusually fast.
You are covered in fur. (AC +1)
You have very tough skin. (AC +2)


Message History

The scorpion is heavily wounded.
b - 29 stones The scorpion stings you!
You are poisoned.
The scorpion poisons you!
Casting: Sandblast (safe; 6% risk of failure)
Confirm with . or Enter, or press ? or * to list all spells.
You don't have enough magic to cast that spell.
Casting: Sandblast (safe; 6% risk of failure)
Confirm with . or Enter, or press ? or * to list all spells.
You don't have enough magic to cast that spell.
You completely miss the scorpion.
The scorpion is heavily wounded.
You feel sick. The scorpion closely misses you.
You barely miss the scorpion.
The scorpion is heavily wounded.
You feel sick. The scorpion stings you!
* * * LOW HITPOINT WARNING * * *
You scratch the scorpion.
The scorpion is almost dead.
You feel sick. The scorpion stings you.
* * * LOW HITPOINT WARNING * * *
You are more poisoned.
The scorpion poisons you!
You scratch the scorpion.
The scorpion is almost dead.
You feel sick. The scorpion barely misses you.
You barely miss the scorpion.
The scorpion is almost dead.
You feel sick. The scorpion barely misses you.
You closely miss the scorpion.
The scorpion is almost dead.
You feel sick.
The scorpion stings you but does no damage.
You closely miss the scorpion.
The scorpion is almost dead.
You feel sick. The scorpion barely misses you.
You closely miss the scorpion.
The scorpion is almost dead.
You feel sick. The scorpion closely misses you.
Casting: Sandblast (safe; 6% risk of failure)
Confirm with . or Enter, or press ? or * to list all spells.
Aiming: Sandblast (safe; 6% risk of failure)
Press: ? - help, Shift-Dir - straight line, f/p - scorpion
Aim: a scorpion (almost dead)
The blast of sand hits the scorpion.
The scorpion is almost dead.
b - 28 stones You feel sick.
The scorpion stings you.
* * * LOW HITPOINT WARNING * * *
You are more poisoned.
The scorpion poisons you!
You scratch the scorpion but do no damage.
The scorpion is almost dead.
* * * LOW HITPOINT WARNING * * *
You feel sick. The scorpion stings you.
* * * LOW HITPOINT WARNING * * *
Unknown command.
You scratch the scorpion.
You kill the scorpion!
Your Spellcasting skill increases to level 2!
Your Earth Magic skill increases to level 4!
You have reached level 4!
You die...

#.....#
#..(..#
#..... #....
#... #.. #.#
#†# #@# #.#
#.# +######.#
........#
........#
........##
.........##
..........###
..


There were no monsters in sight!

Vanquished Creatures
  A scorpion (D:4)
  4 adders
  A dart slug (D:3)
  A leopard gecko (D:1)
  2 goblins
  A hobgoblin (D:1)
  2 kobolds
  A rat (D:3)
13 creatures vanquished.

Notes
Turn   | Place    | Note
-------+----------+-------------------------------------------
     0 | D:1      | Amnesiac the Troll Earth Elementalist began the quest for
                  | the Orb.
     0 | D:1      | Reached XP level 1. HP: 16/16 MP: 1/1
   156 | D:2      | Reached skill level 3 in Earth Magic
   156 | D:2      | Reached XP level 2. HP: 8/24 MP: 1/3
   330 | D:3      | Reached XP level 3. HP: 30/31 MP: 4/4
   334 | D:3      | Learned a level 2 spell: Passwall
   476 | D:4      | Noticed a scorpion
   493 | D:4      | HP: 1/31 [scorpion (1)]
   494 | D:4      | Killed a scorpion
   494 | D:4      | Reached skill level 4 in Earth Magic
   494 | D:4      | Reached XP level 4. HP: 1/39 MP: 0/6
   494 | D:4      | Succumbed to a scorpion's poison

Vault maps used:
D:1:      dpeg_arrival_long_road, minivault_24
D:2:      old_standard_altar, first_ration
D:3:      nicolae_overflow_hidden_temple
D:4:      marbit_many_paths, uniq_eustachio, uniq_duvessa

Skill      XL: |  1  2  3 |
---------------+----------+-----
Earth Magic    | 3 4 |  4.2
Spellcasting   | 2 |  2.0
Dodging        | |  1.5
Stealth        | |  1.0
Transmutations | |  0.6

Action                   |  1- 3 |  4- 6 || total
-------------------------+-------+-------++-------
Melee: Unarmed           |    55 |       ||    55
 Cast: Sandblast         |     5 |       ||     5
  Use: Scroll            |     1 |       ||     1
  Eat: Chunk             |     5 |       ||     5
Armor: Robe              |     9 |       ||     9
Dodge: Dodged            |    28 |       ||    28

Table legend:
 A = Non-vault XP
 B = Vault XP
 C = Vault XP percentage of total XP
 D = Non-vault monster count
 E = Vault monster count
 F = Vault count percentage of total count
                 A         B        C        D         E       F
            +---------+---------+-------+---------+---------+-------
      Total |     141 |       0 |   0.0 |      13 |       0 |   0.0
            +---------+---------+-------+---------+---------+-------
        D:1 |       8 |       0 |   0.0 |       4 |       0 |   0.0
        D:2 |      15 |       0 |   0.0 |       2 |       0 |   0.0
        D:3 |      46 |       0 |   0.0 |       6 |       0 |   0.0
        D:4 |      72 |       0 |   0.0 |       1 |       0 |   0.0
            +---------+---------+-------+---------+---------+-------
